 Dungeon Crawl Stone Soup version 0.27.0-1-g7a089689b8 (webtiles) character file.

Game seed: 6020451919026006818

2 freelancePsychic the Conjurer (level 1, 0/14 HPs)
             Began as a Ghoul Conjurer on Aug 11, 2021.
             Slain by a bat (1 damage)
             ... on level 1 of the Dungeon.
             The game lasted 00:00:20 (31 turns).

freelancePsychic the Conjurer (Ghoul Conjurer)        Turns: 31, Time: 00:00:20

Health: 0/14       AC:  2    Str: 10    XL:     1   Next: 40%
Magic:  2/2        EV: 11    Int: 13    God:
Gold:   1          SH:  0    Dex:  7    Spells: 2/3 levels left

rFire    . . .     SeeInvis .   (no weapon)
rCold    + . .     Faith    .   (no shield)
rNeg     + + +     Spirit   .   a - +0 robe
rPois    ∞         Reflect  .   (no helmet)
rElec    .         Harm     .   (no cloak)
rCorr    .         Rampage  .   (no gloves)
Will     .....                  (no boots)
Stlth    ++........             (no amulet)
HPRegen  0.00/turn              (no ring)
MPRegen  0.08/turn              (no ring)

@: inhibited regen
A: claws 1, cold resistance 1, negative energy resistance 3, inhibited
regeneration, torment resistance 2
a: no special abilities


You were on level 1 of the Dungeon.
You visited 1 branch of the dungeon, and saw 1 of its levels.

You collected 1 gold pieces.

Inventory:

Armour
 a - a +0 robe (worn)


   Skills:
 - Level 1.7 Dodging
 - Level 2.1 Stealth
 + Level 1.9 Spellcasting
 + Level 3.3 Conjurations


You had 2 spell levels left.
You knew the following spells:

 Your Spells              Type           Power      Damage    Failure   Level
a - Magic Dart            Conj           36%        1d4       7%          1

Your spell library contained the following spells:

 Spells                   Type           Power      Damage    Failure   Level
 Searing Ray              Conj           18%        3d3       10%         2
 Dazzling Flash           Conj/Hex       10%        N/A       36%         3
 Fulminant Prism          Conj/Hex       2%         3d6       78%         4
 Iskenderun's Mystic Bla  Conj/Tloc      5%         2d3       78%         4


Dungeon Overview and Level Annotations

Branches:
Dungeon (1/15)

Altars:


Innate Abilities, Weirdness & Mutations

You thrive by killing the living.
You are immune to poison.
You have sharp fingernails.
Your flesh is cold resistant. (rC+)
You are immune to negative energy. (rN+++)
You do not regenerate when monsters are visible.
You are immune to unholy pain and torment.


Message History

The dart slug is moderately wounded.
The bat closely misses you. The dart slug launches a dart at you.
The slug dart hits you.
You scratch the dart slug but do no damage.
The dart slug is moderately wounded.
The bat barely misses you. The bat hits you but does no damage.
The dart slug closely misses you.
You scratch the dart slug.
The dart slug is severely wounded.
The bat hits you but does no damage. The bat closely misses you.
You scratch the dart slug.
The dart slug is almost dead.
The bat barely misses you.
The dart slug bites you but does no damage.
The bat misses you.
You scratch the dart slug but do no damage.
The dart slug is almost dead.
The bat closely misses you.
A rat comes into view.
The dart slug launches a dart at you. The slug dart hits you.
* * * LOW HITPOINT WARNING * * *
You scratch the dart slug.
You kill the dart slug!
You feel better. The bat closely misses you.
The bat hits you but does no damage.
You see here a dart slug corpse.
A bat comes into view.
The bat hits you.
* * * LOW HITPOINT WARNING * * *
The bat closely misses you. x2
You see here a scroll labelled MOBAXK ASUKAOL.
As you read the scroll labelled MOBAXK ASUKAOL, it crumbles to dust.
You feel aware of your surroundings.
You sensed 1 altar, and 1 shop/portal.
It was a scroll of magic mapping.
The bat hits you but does no damage. The bat hits you.
* * * LOW HITPOINT WARNING * * *
The bat hits you.
You die...

*,,,,,,,,,,* #..#,*****,*,,,
***,,,,,,,,,,*#####..*,,,,,,,,,,,
,,+,,,,,,,,,,*#...#..*******,***,
***,,,,,,,,,,*#...#r.,,,,,,,,,,,,
,,,,,,,,,,,,,*#...#.#*,*,***,***,
,,,*,*,,,,****#...#l#,,,,,,,,,,,,
,,,,,*,,,,* #...#.#,**,***,*,**
*,****,,,,*####...#l#,,,,,,*,*,,,
*,,,,*,****#....@b†g#,**,,,,,,,,,
****,,,* #...b##..#,**,,,*,****
,,,,,,,* #....#...#,**,,,*,*
****,,,****#....#.⌠.#,**,,,*,*
*,,,,,,......#...#,**,,,*,*
*,,,**########.>.#,**,,,*,*
****,,,***** #...#,**,,,*,*
*,,,,,,,,,,* #.⌠.#,,,,,,*,*
*,,,,,,,,,,* #...#****,,*,*


You could see a goblin, 2 bats and a frilled lizard.

Vanquished Creatures
  A dart slug (D:1)
1 creature vanquished.

Notes
Turn   | Place    | Note
-------+----------+-------------------------------------------
     0 | D:1      | freelancePsychic the Ghoul Conjurer began the quest for the
                  | Orb.
     0 | D:1      | Reached XP level 1. HP: 14/14 MP: 2/2
    31 | D:1      | Slain by a bat

Illustrated notes

Levels and vault maps discovered:
D:1:      lemuel_arrival_hallway, layout_basic,
          chequers_ecumenical_altar_simple, serial_shops,
          nicolae_shop_statue_plus

Action                   || total
-------------------------++-------
Melee: Unarmed           ||    12
  Use: Scroll            ||     1
Armor: Robe              ||    11
Dodge: Dodged            ||    20
